 Dungeon Sprint DCSS version 0.21-a0-531-gacddea6 (webtiles) character file.

47159 Ghella the Ninja (level 13, -5/58 HPs)
             Began as a Spriggan Assassin on Dec 13, 2017.
             Was the Champion of Dithmenos.
             Slain by Xtahua (20 damage)
             ... in the Dungeon (Sprint III: "The Ten Rune Challenge").
             The game lasted 00:54:25 (9034 turns).

Ghella the Ninja (Spriggan Assassin)                Turns: 9034, Time: 00:54:27

Health: -5/58      AC:  7    Str:  9    XL:     13   Next: 40%
Magic:  10/25      EV: 40    Int: 14    God:    Dithmenos [******]
Gold:   821        SH:  0    Dex: 21    Spells: 3/12 levels left

rFire    + . .     SeeInvis +   x - +1 dagger of Prudence {venom, rElec}
rCold    + . .     Gourm    .   (shield restricted)
rNeg     . . .     Faith    .   f - +2 robe {rC+ rF+}
rPois    .         Spirit   .   e - +0 hat
rElec    +         Reflect  .   d - +0 cloak
rCorr    .         Harm     .   (gloves unavailable)
MR       ++...     NoTele   +   (boots unavailable)
Stlth    ++++++++++             (no amulet)
HPRegen  0.19/turn              y - ring of flight
MPRegen  0.19/turn              (no ring)

@: very slightly contaminated, wreathed by umbra, very quick
A: very small, unfitting armour, horns 1, talons 1, rugged brown scales 1, see
invisible, herbivore 3, speed 3, shaggy fur 1, slow metabolism 2, strong 1
}: 1/10 runes: barnacled
a: Shadow Step, Shadow Form, Renounce Religion, Evoke Flight


You were in the Dungeon.
You worshipped Dithmenos.
Dithmenos was exalted by your worship.
You were not hungry.

You visited 1 branch You collected 3020 gold pieces.
You spent 2199 gold pieces at shops.

Inventory:

Hand Weapons
 a - a +2 dagger
 w - a +3 blowgun
 x - the +1 dagger of Prudence (weapon) {venom, rElec}
   (You bought it in a shop in the Dungeon)

   It poisons the flesh of those it strikes.
   It insulates you from electricity.
Missiles
 i - 2 poisoned needles
 j - a curare-tipped needle
 t - 4 needles of paralysis
Armour
 d - a +0 cloak (worn)
 e - a +0 hat (worn)
 f - a +2 robe of resistance (worn)
 o - a +2 robe of poison resistance
 v - a +1 robe of magic resistance
Jewellery
 y - a ring of flight (left hand)
Wands
 l - a wand of polymorph (12)
Scrolls
 m - a scroll of identify
 n - a scroll of fog {unknown}
 r - a scroll of immolation {unknown}
 s - a scroll of remove curse
 z - a scroll of amnesia {unknown}
Potions
 h - 2 potions of curing
 k - 2 potions of magic
 q - 2 potions of flight
 A - 3 potions of berserk rage
 B - a potion of agility {unknown}
Books
 u - a book of Misfortune

   Spells                             Type                      Level
   a - Confusing Touch                Hexes                        1
   b - Confuse                        Hexes                        3
   c - Gell's Gravitas                Translocation                3
   d - Petrify                        Transmutation/Earth          4
   e - Metabolic Englaciation         Hexes/Ice                    5
   f - Yara's Violent Unravelling     Hexes/Transmutation          5
 D - a book of Minor Magic

   Spells                             Type                      Level
   a - Magic Dart                     Conjuration                  1
   b - Blink                          Translocation                2
   c - Call Imp                       Summoning                    2
   d - Slow                           Hexes                        2
   e - Conjure Flame                  Conjuration/Fire             3
   f - Mephitic Cloud                 Conjuration/Poison/Air       3
 E - a book of Maledictions

   Spells                             Type                      Level
   a - Corona                         Hexes                        1
   b - Ensorcelled Hibernation        Hexes/Ice                    2
   c - Confuse                        Hexes                        3
   d - Tukima's Dance                 Hexes                        3
   e - Dazzling Spray                 Conjuration/Hexes            3
Miscellaneous
 c - a phial of floods
Comestibles
 g - 7 bread rations
 p - 26 royal jellies


   Skills:
 - Level 1.5 Fighting
 * Level 14.2 Short Blades
 + Level 13.4 Throwing
 * Level 24.2 Dodging
 O Level 27 Stealth
 + Level 7.0 Hexes
 + Level 1.4 Translocations
 + Level 6.6 Invocations
 + Level 15.7 Evocations


You had 3 spell levels left.
You knew the following spells:

 Your Spells              Type           Power        Failure   Level  Hunger
a - Confuse               Hex            ###.....     4%          3    ####...
b - Ensorcelled Hibernat  Hex/Ice        #.....       11%         2    ###....
c - Blink                 Tloc           N/A          24%         2    ###....
d - Slow                  Hex            ###.....     2%          2    ###....


Dungeon Overview and Level Annotations

Branches:
Dungeon (1/1)

Altars:
Cheibriados
Dithmenos
Elyvilon
Fedhas
Gozag
Hepliaklqana
Kikubaaqudgha
Makhleb
Nemelex Xobeh
Okawaru
Qazlal
Ru
Sif Muna
Trog
Uskayaw
Vehumet
Wu Jian
Xom
Yredelemnul
Zin
The Shining One
Beogh
Jiyva
Lugonu

Shops:
D }?[}:%(

Annotations:
D Xtahua


Innate Abilities, Weirdness & Mutations

You are very small and have problems with some larger weapons.
You are too small for most types of armour.
You have supernaturally acute eyesight. (SInv)
You are a herbivore.
You cover ground extremely quickly.
You need consume almost no food.
You have a pair of small horns on your head.
You have sharp toenails.
You are partially covered in rugged brown scales. (AC +1, +3% HP)
You are covered in fur. (AC +1)
Your muscles are strong. (Str +2)


Message History

Casting: Confuse
Confirm with . or Enter, or press ? or * to list all spells.
Aiming: Ensorcelled Hibernation
Press: ? - help, Shift-Dir - straight line, f/p - Xtahua
Aim: Xtahua (umbra, chance to defeat MR: 0%) Xtahua resists with almost no effort.
Your shadow mimicks your spell!
Xtahua resists with almost no effort.
Xtahua bites you!!
Ouch! That really hurt!
* * * LOW HITPOINT WARNING * * *
You emit a cloud of dark smoke.
Xtahua completely misses you. x2
Unknown command.
Okay, then.
Casting: Ensorcelled Hibernation
Confirm with . or Enter, or press ? or * to list all spells.
Okay, then.
Casting: Ensorcelled Hibernation
Confirm with . or Enter, or press ? or * to list all spells.
You blink.
Xtahua bites you!!
You die...

▓..P#≈≈≈≈§≈≈≈≈♣♣.≈≈≈≈'♣♣'♣
▓..P#≈≈≈≈§≈≈≈≈≈'.....#.≈♣♣
▓...#.§≈§§§≈.≈♣♣♣♣♣♣♣#..♣♣
▓..)#≈≈§≈§≈.≈≈♣ ###'♣
▓##'####§#######♣ ♣♣♣♣.#
▓...........)...♣♣ ♣...##
▓#+#############'♣ ♣♣.##.
..J#≈..§§D§§§§..♣ ♣..#.
▓..J+≈≈.§@########♣♣ ♣♣.##
▓..J#≈≈≈§..........♣ ♣♣.##
▓.J.#≈≈≈≈....†.....♣ ♣....
#+#############'#### #####
#.♣♣ #♣.♣ ♣.♣♣ ♣♣.♣ ♣.♣♣


You could see Xtahua and 2 azure jellies.

Vanquished Creatures
  Rupert (D)
  Frances (D)
  Polyphemus (D)
  Gastronok (D)
  Ilsuiw (D)
  Donald (D)
  2 dire elephants (D)
  A merfolk javelineer (D)
  2 fire dragons (D)
  A hydra (D)
  A centaur warrior (D)
  Erica (D)
  Urug (D)
  4 death yaks (D)
  A deep elf knight (D)
  A sea snake (D)
  An unseen horror (D)
  A death drake (D)
  A lindwurm (D)
  An orc knight (D)
  6 deep elf magi (D)
  An orc sorcerer (D)
  2 black mambas (D)
  2 elephants (D)
  2 spiny frogs (D)
  A komodo dragon (D)
  A rime drake (D)
  3 wandering mushrooms (D)
  A queen bee (D)
  2 tyrant leeches (D)
  2 orc high priests (D)
  8 blink frogs (D)
  3 dream sheep (D)
  A spriggan (D)
  3 redbacks (D)
  A shadow (D)
  A spatial vortex (D)
  A hydra simulacrum (D)
  2 hell hounds (D)
  A swamp drake (D)
  3 orc warriors (D)
  3 fire dragon simulacra (D)
  A necrophage (D)
  2 centaurs (D)
  An earth elemental (D)
  A water elemental (D)
  32 killer bees (D)
  6 orc priests (D)
  An orc wizard (D)
  A jelly (D)
  A wizard (D)
  Jessica (D)
  A necromancer (D)
  3 humans (D)
  A kobold demonologist (D)
  An ooze (D)
  A phantom (D)
  8 orcs (D)
  2 rats (D)
  A plant (D)
140 creatures vanquished.

Vanquished Creatures (others)
  2 draconian scorchers (D)
  2 hydras (D)
  A spriggan druid (D)
  6 hellions (D)
  2 yaktaurs (D)
  A spriggan (D)
  An electric eel (D)
  16 plants (D)
31 creatures vanquished.

Grand Total: 171 creatures vanquished

Notes
Turn   | Place    | Note
-------+----------+-------------------------------------------
     0 | D        | Ghella the Spriggan Assassin began the quest for the Orb.
     0 | D        | Reached XP level 1. HP: 10/10 MP: 2/2
     9 | D        | Reached skill level 6 in Stealth
    12 | D        | Reached skill level 8 in Stealth
    25 | D        | Noticed Jessica
    64 | D        | Killed Jessica
    64 | D        | Reached skill level 10 in Stealth
    64 | D        | Reached XP level 2. HP: 13/14 MP: 3/3
    64 | D        | Reached XP level 3. HP: 16/18 MP: 4/4
   113 | D        | Killed a hellion
   113 | D        | Killed a hellion
   133 | D        | Killed a hellion
   148 | D        | Killed a hellion
   149 | D        | Killed a hellion
   149 | D        | Killed a hellion
   155 | D        | Reached skill level 11 in Stealth
   193 | D        | Killed a white draconian scorcher
   195 | D        | Reached skill level 12 in Stealth
   244 | D        | Killed a yaktaur
   301 | D        | Gained mutation: You are covered in fur. (AC +1) [potion of mutation]
   301 | D        | Gained mutation: You are surrounded by a mild repulsion field. (EV +2) [potion of mutation]
   301 | D        | Gained mutation: You are frail. (-10% HP) [potion of mutation]
   301 | D        | Gained mutation: Your mind is acute. (Int +2) [potion of mutation]
   302 | D        | Lost mutation: Your mind is acute. (Int +2) [potion of mutation]
   302 | D        | Lost mutation: You are frail. (-10% HP) [potion of mutation]
   302 | D        | Lost mutation: You are covered in fur. (AC +1) [potion of mutation]
   302 | D        | Gained mutation: You are frail. (-10% HP) [potion of mutation]
   302 | D        | Gained mutation: You are partially covered in rugged brown scales. (AC +1, +3% HP) [potion of mutation]
   303 | D        | Lost mutation: You are frail. (-10% HP) [potion of mutation]
   303 | D        | Gained mutation: You are robust. (+10% HP) [potion of mutation]
   303 | D        | Lost mutation: You are robust. (+10% HP) [potion of mutation]
   303 | D        | Gained mutation: Your flesh is heat resistant. (rF+) [potion of mutation]
   305 | D        | Gained mutation: You are agile. (Dex +2) [potion of mutation]
   305 | D        | Gained mutation: You have sharp toenails. [potion of mutation]
   306 | D        | Lost mutation: You have sharp toenails. [potion of mutation]
   306 | D        | Lost mutation: You are partially covered in rugged brown scales. (AC +1, +3% HP) [potion of mutation]
   306 | D        | Lost mutation: You are agile. (Dex +2) [potion of mutation]
   306 | D        | Lost mutation: You are surrounded by a mild repulsion field. (EV +2) [potion of mutation]
   306 | D        | Gained mutation: You are agile. (Dex +2) [potion of mutation]
   306 | D        | Gained mutation: Your spells are a little easier to cast, but a little less powerful. [potion of mutation]
   306 | D        | Gained mutation: You are partially covered in rugged brown scales. (AC +1, +3% HP) [potion of mutation]
   310 | D        | Lost mutation: You are agile. (Dex +2) [potion of mutation]
   310 | D        | Lost mutation: Your spells are a little easier to cast, but a little less powerful. [potion of mutation]
   310 | D        | Lost mutation: Your flesh is heat resistant. (rF+) [potion of mutation]
   310 | D        | Gained mutation: Your muscles are strong. (Str +2) [potion of mutation]
   310 | D        | Gained mutation: You are covered in fur. (AC +1) [potion of mutation]
   310 | D        | Gained mutation: You have sharp toenails. [potion of mutation]
   310 | D        | Gained mutation: You have a pair of small horns on your head. [potion of mutation]
   340 | D        | Noticed a water elemental
   343 | D        | Killed a water elemental
   343 | D        | Reached skill level 13 in Stealth
   343 | D        | Reached XP level 4. HP: 22/22 MP: 5/5
   346 | D        | Found a glowing silver altar of Zin.
   346 | D        | Found a glowing golden altar of the Shining One.
   346 | D        | Found a white marble altar of Elyvilon.
   347 | D        | Noticed a deep elf mage
   349 | D        | Killed a deep elf mage
   349 | D        | Reached skill level 5 in Throwing
   349 | D        | Reached skill level 19 in Stealth
   349 | D        | Reached XP level 5. HP: 25/25 MP: 6/6
   349 | D        | Reached XP level 6. HP: 30/30 MP: 7/7
   353 | D        | Killed a white draconian scorcher
   364 | D        | Found an ornate altar of the Wu Jian Council.
   364 | D        | Found a roughly hewn altar of Beogh.
   364 | D        | Found an iron altar of Okawaru.
   364 | D        | Found a bloodstained altar of Trog.
   364 | D        | Found a hide-covered altar of Uskayaw.
   364 | D        | Noticed a human
   366 | D        | Noticed a human
   449 | D        | Killed a human
   449 | D        | Reached skill level 5 in Short Blades
   449 | D        | Reached skill level 20 in Stealth
   449 | D        | Reached XP level 7. HP: 25/33 MP: 8/8
   471 | D        | Killed a human
   537 | D        | Found a basalt altar of Yredelemnul.
   537 | D        | Found a shadowy altar of Dithmenos.
   537 | D        | Found a sacrificial altar of Ru.
   540 | D        | Reached skill level 21 in Stealth
   546 | D        | Became a worshipper of Dithmenos the Shadowed
   559 | D        | Found a radiant altar of Vehumet.
   559 | D        | Found a deep blue altar of Sif Muna.
   559 | D        | Found an ancient bone altar of Kikubaaqudgha.
   598 | D        | Noticed a shadow
   600 | D        | Killed a shadow
   600 | D        | Reached * piety under Dithmenos
   600 | D        | Reached XP level 8. HP: 38/38 MP: 9/9
   611 | D        | Found a blossoming altar of Fedhas.
   611 | D        | Found a stormy altar of Qazlal.
   611 | D        | Found a snail-covered altar of Cheibriados.
   611 | D        | Found a burning altar of Makhleb.
   611 | D        | Found a shimmering altar of Xom.
   612 | D        | Found a hazy altar of Hepliaklqana.
   612 | D        | Found an opulent altar of Gozag.
   612 | D        | Found a sparkling altar of Nemelex Xobeh.
   612 | D        | Found a corrupted altar of Lugonu.
   612 | D        | Found a viscous altar of Jiyva.
   616 | D        | Reached skill level 22 in Stealth
   638 | D        | Noticed Erica
   640 | D        | Killed Erica
   640 | D        | Reached ** piety under Dithmenos
   640 | D        | Reached skill level 23 in Stealth
   668 | D        | Found Ykhlig's Gadget Shop.
   669 | D        | Noticed an orc knight
   669 | D        | Noticed an orc sorcerer
   848 | D        | Reached *** piety under Dithmenos
   848 | D        | Reached XP level 9. HP: 42/42 MP: 10/10
   983 | D        | Reached **** piety under Dithmenos
   983 | D        | Reached skill level 24 in Stealth
  1159 | D        | Killed an orc sorcerer
  1226 | D        | Killed a yaktaur
  1732 | D        | Reached ***** piety under Dithmenos
  1755 | D        | Killed an orc knight
  1755 | D        | Reached skill level 5 in Dodging
  1755 | D        | Reached skill level 25 in Stealth
  1755 | D        | Reached skill level 1 in Evocations
  2061 | D        | Bought a wand of paralysis (12) for 168 gold pieces
  2061 | D        | Bought a wand of polymorph (12) for 168 gold pieces
  2061 | D        | Bought a wand of paralysis (8) for 120 gold pieces
  2080 | D        | Noticed a deep elf mage
  2080 | D        | Noticed a deep elf mage
  2080 | D        | Noticed a deep elf mage
  2080 | D        | Noticed a deep elf mage
  2080 | D        | Noticed a deep elf knight
  2088 | D        | Noticed a deep elf mage
  2089 | D        | Killed a deep elf mage
  2090 | D        | Killed a deep elf knight
  2090 | D        | Reached skill level 26 in Stealth
  2090 | D        | Reached XP level 10. HP: 47/47 MP: 7/12
  2092 | D        | Killed a deep elf mage
  2092 | D        | Reached skill level 10 in Throwing
  2092 | D        | Reached skill level 27 in Stealth
  2093 | D        | Killed a deep elf mage
  2095 | D        | Killed a deep elf mage
  2095 | D        | Reached skill level 1 in Invocations
  2096 | D        | Noticed a deep elf mage
  2101 | D        | Noticed a deep elf demonologist
  2200 | D        | Bought a wand of acid (9) for 312 gold pieces
  2200 | D        | Bought a wand of paralysis (14) for 192 gold pieces
  2214 | D        | Reached ****** piety under Dithmenos
  2219 | D        | Noticed a centaur warrior
  2221 | D        | Reached skill level 5 in Evocations
  2223 | D        | Killed a centaur warrior
  2241 | D        | Noticed an unseen horror
  2245 | D        | Killed an unseen horror
  2385 | D        | Reached XP level 11. HP: 50/50 MP: 17/17
  2465 | D        | Reached skill level 10 in Short Blades
  2495 | D        | Killed a deep elf mage
  2606 | D        | Learned a level 3 spell: Confuse
  2617 | D        | Reached skill level 10 in Dodging
  2802 | D        | Reached skill level 10 in Evocations
  3069 | D        | Noticed Donald
  3069 | D        | Noticed Frances
  3071 | D        | Killed Frances
  3469 | D        | Killed Donald
  3959 | D        | Reached skill level 15 in Dodging
  4395 | D        | Noticed a dire elephant
  4395 | D        | Noticed a dire elephant
  4395 | D        | Noticed Gastronok
  4425 | D        | Killed a dire elephant
  4425 | D        | Reached XP level 12. HP: 54/54 MP: 22/22
  4432 | D        | Killed a dire elephant
  5015 | D        | Killed Gastronok
  5109 | D        | Noticed an azure jelly
  5109 | D        | Noticed an azure jelly
  5109 | D        | Noticed an azure jelly
  5110 | D        | Noticed an azure jelly
  5233 | D        | Noticed Rupert
  5235 | D        | Killed Rupert
  5235 | D        | Reached skill level 5 in Invocations
  5250 | D        | Noticed a death yak
  5253 | D        | Noticed a death yak
  5254 | D        | Noticed a death yak
  5254 | D        | Noticed a death yak
  5255 | D        | Killed a death yak
  5256 | D        | Killed a death yak
  6093 | D        | Killed a death yak
  6172 | D        | Killed a death yak
  6227 | D        | Noticed a fire dragon
  6236 | D        | Noticed a fire dragon
  6637 | D        | Reached skill level 1 in Hexes
  6645 | D        | Noticed Urug
  6648 | D        | Killed Urug
  6689 | D        | Noticed a seven-headed hydra
  6689 | D        | Noticed an eight-headed hydra
  6705 | D        | Killed an eight-headed hydra
  6894 | D        | Reached skill level 15 in Evocations
  7053 | D        | Killed a seven-headed hydra
  7053 | D        | Reached XP level 13. HP: 57/58 MP: 11/25
  7149 | D        | Noticed Polyphemus
  7151 | D        | Noticed Ilsuiw
  7151 | D        | Found Tiowiz's Book Emporium.
  7152 | D        | Killed Polyphemus
  7158 | D        | Killed Ilsuiw
  7174 | D        | Reached skill level 5 in Hexes
  7175 | D        | Found Kehechiedo's Food Shop.
  7176 | D        | Found Ewnidd's Antique Weapon Shoppe.
  7177 | D        | Noticed a merfolk javelineer
  7179 | D        | Killed a merfolk javelineer
  7191 | D        | Got a barnacled rune of Zot
  7265 | D        | Bought a warped dagger for 203 gold pieces
  7265 | D        | Identified the cursed +1 dagger of Prudence {venom, rElec} (You bought it in a shop in the Dungeon)
  7267 | D        | Bought a bread ration for 70 gold pieces
  7267 | D        | Bought a bread ration for 70 gold pieces
  7267 | D        | Bought a bread ration for 70 gold pieces
  7267 | D        | Bought a fruit for 21 gold pieces
  7267 | D        | Bought a bread ration for 70 gold pieces
  7267 | D        | Bought a bread ration for 70 gold pieces
  7267 | D        | Bought a royal jelly for 28 gold pieces
  7267 | D        | Bought a royal jelly for 28 gold pieces
  7268 | D        | Bought a book of Minor Magic for 200 gold pieces
  7268 | D        | Bought a book of Maledictions for 250 gold pieces
  7271 | D        | Learned a level 2 spell: Ensorcelled Hibernation
  7274 | D        | Learned a level 2 spell: Blink
  7277 | D        | Learned a level 2 spell: Slow
  7344 | D        | HP: 1/58 [fire dragon simulacrum (7)]
  8262 | D        | Found a blossoming altar of Fedhas.
  8649 | D        | Bought a runed blowgun for 159 gold pieces
  8807 | D        | Killed a fire dragon
  8807 | D        | Reached skill level 1 in Translocations
  8872 | D        | Found Lavumu's Gadget Shoppe.
  8872 | D        | Found Moleikak's Magic Scroll Boutique.
  8872 | D        | Noticed a fire dragon
  8876 | D        | Found Iriuts's Antique Armour Emporium.
  8900 | D        | Killed a fire dragon
  8979 | D        | Noticed Xtahua
  9034 | D        | Slain by Xtahua

Vault maps used:
D:        dungeon_sprint_mu

Skill      XL: |  1  2  3  4  5  6  7  8  9 10 11 12 13 |
---------------+----------------------------------------+-----
Stealth        | 10 13 19 20 21 23 26 27 | 27.0
Short Blades   | 3 4 5 6 7 9 11 13 14 | 14.2
Throwing       | 5 7 8 9 12 13 | 13.4
Dodging        | 2 3 4 5 9 17 22 24 | 24.2
Evocations     | 2 7 12 15 | 15.7
Invocations    | 2 4 5 6 |  6.6
Hexes          | 2 7 |  7.0
Translocations | 1 |  1.4
Fighting       | |  1.5

Action                   |  1- 3 |  4- 6 |  7- 9 | 10-12 | 13-15 || total
-------------------------+-------+-------+-------+-------+-------++-------
Melee: Dagger            |    28 |     1 |    51 |   382 |    46 ||   508
       Kick              |       |       |    14 |    95 |    11 ||   120
       Headbutt          |       |       |     8 |    66 |     5 ||    79
       Blowgun           |       |       |       |     1 |       ||     1
 Fire: Blowgun           |    11 |    12 |    26 |    40 |    16 ||   105
 Cast: Confuse           |       |       |       |    12 |    13 ||    25
       Blink             |       |       |       |       |     3 ||     3
       Ensorcelled Hiber |       |       |       |       |     1 ||     1
Invok: Shadow Step       |       |       |     1 |    14 |     4 ||    19
 Abil: Evoke Flight      |       |       |       |       |     2 ||     2
Evoke: Wand              |       |       |     9 |    44 |       ||    53
       Phial of floods   |       |       |       |       |     2 ||     2
  Use: Potion            |     7 |       |     2 |     1 |       ||    10
       Scroll            |       |     1 |     2 |     1 |     1 ||     5
 Stab: Sleeping          |     3 |     1 |    10 |    31 |     7 ||    52
       Distracted        |       |       |     4 |     9 |     3 ||    16
       Paralysed         |       |       |     1 |    23 |     2 ||    26
       Confused          |       |       |       |     3 |     2 ||     5
  Eat: Fruit             |       |       |       |     4 |     7 ||    11
       Royal jelly       |       |       |       |     1 |     1 ||     2
Armor: Robe              |     1 |       |     2 |    14 |     4 ||    21
Dodge: Dodged            |    12 |     2 |    30 |   341 |    56 ||   441

Table legend:
 A = Spawn XP
 B = Non-spawn XP
 C = Spawn XP percentage of total XP
 D = Spawn monster count
 E = Non-spawn monster count
 F = Spawn count percentage of total count
 G = Total turns spent on level
                    A         B        C        D         E        F      G
               +---------+---------+-------+---------+---------+-------+---------
         Total |       0 |   48799 |   0.0 |       0 |     140 |   0.0 |  9034
               +---------+---------+-------+---------+---------+-------+---------
             D |       0 |   48799 |   0.0 |       0 |     140 |   0.0 |  9034
               +---------+---------+-------+---------+---------+-------+---------
